AoeStats
← chengyenfa

Arabia

509434898Analyzed
1v1 RM · 7d ago on Sep 26, 2026· 22m 39s· 2 players
Game mode
Random Map
Map size
Tiny (2 player)
Population
200
Speed
Normal
Resources
Standard
Victory
Conquest
Starting age
Dark Age
Ending age
Imperial Age
RankedLock teamsTeams togetherTeam positionsShared explorationLock speedFull tech treeHidden civsTurbo modeCheats
Victory
Defeat
🇹🇼 Sicilians · Taiwan
1333
+18
🇷🇺 Huns · Russia
1380
-18
chengyenfa
5:50 Loom
8:29 Feudal Age
9:17 Double-Bit Axe
13:26 Town Watch
13:29 Horse Collar
19:34 Fletching
tdmlart
5:56 Loom
9:05 Feudal Age
9:37 Double-Bit Axe
14:51 Horse Collar
15:18 Fletching
Connection lost

Rejoining the realm…

Still unreachable

The connection could not be restored.

Session expired

The server has moved on; the page needs a fresh start.